 Dungeon Crawl Stone Soup version 0.29.1-1-gd02db6906a (webtiles) character file.

Game seed: 13377481487653813528

0 Icepheonix32 the Caller (level 1, -2/13 HPs)
             Began as a Merfolk Summoner on Oct 9, 2022.
             Frozen to death by an endoplasm (4 damage)
             ... on level 1 of the Dungeon.
             The game lasted 00:00:10 (15 turns).

Icepheonix32 the Caller (Merfolk Summoner)            Turns: 15, Time: 00:00:12

Health: -2/13      AC:  2    Str:  8    XL:     1   Next: 0%
Magic:  0/3        EV: 12    Int: 14    God:
Gold:   0          SH:  0    Dex: 14    Spells: 3/4 levels left

rFire   . . .      SeeInvis .   (no weapon)
rCold   . . .      Faith    .   (no shield)
rNeg    . . .      Spirit   .   a - +0 robe
rPois   .          Reflect  .   (no helmet)
rElec   .          Harm     .   (no cloak)
rCorr   .          Rampage  .   (no gloves)
Will    .....                   (no boots)
Stlth   ++........              (no amulet)
HPRegen 0.04/turn               (no ring)
MPRegen 0.08/turn               (no ring)

@: no status effects
A: (nimble swimmer 2), mertail
a: no special abilities


You were on level 1 of the Dungeon.
You visited 1 branch of the dungeon, and saw 1 of its levels.

Inventory:

Armour
 a - a +0 robe (worn)
Potions
 b - a potion of magic


   Skills:
 - Level 2.6 Dodging
 - Level 2.1 Stealth
 - Level 2.0 Spellcasting
 + Level 4.0 Summonings


You had 3 spell levels left.
You knew the following spells:

 Your Spells              Type           Power      Damage    Failure   Level
a - Summon Small Mammal   Summ           48%        N/A       4%          1

Your spell library contained the following spells:

 Spells                   Type           Power      Damage    Failure   Level
 Call Imp                 Summ           12%        N/A       7%          2
 Call Canine Familiar     Summ           12%        N/A       14%         3
 Summon Guardian Golem    Hex/Summ       7%         N/A       30%         3
 Summon Lightning Spire   Summ/Air       7%         N/A       71%         4


Dungeon Overview and Level Annotations

Branches:
Dungeon (1/15)

Altars:


Innate Abilities, Weirdness & Mutations

((You are very nimble when in or above water. (Stealth+, EV+, Speed+++)))
Your lower body shifts to a powerful aquatic tail in water.


Message History

The kobold hits you but does no damage.
Casting: Summon Small Mammal (safe; 4% risk of failure)
Confirm with . or Enter, or press ? or * to list all spells.
You don't have enough magic to cast this spell.
You hit the kobold.
The kobold is severely wounded.
Your bat hits the endoplasm but does no damage.
Your bat closely misses the kobold.
The kraken bites the demonspawn.
The tentacle slaps the demonspawn!!
The demonspawn dies!
Your bat barely misses the kobold.
The tentacle slaps the formicid!!
The tentacle slaps the draconian but does no damage.
The kraken bites the minotaur!!
The tentacle slaps the minotaur!!
The minotaur dies!
The tentacle barely misses the draconian.
The tentacle barely misses the spriggan.
The kobold hits you with a +0 short sword.
You closely miss the kobold.
The kobold is severely wounded.
Your bat misses the kobold. x2; The tentacle slaps the spriggan!!
The spriggan dies!
The tentacle barely misses the formicid.
The tentacle slaps the draconian!
The kraken bites the formicid!!!
The formicid dies!
The endoplasm hits you but does no damage.
The kobold hits you with a +0 short sword.
* * * LOW HITPOINT WARNING * * *
Your bat hits the kobold but does no damage.
Unknown command.
You closely miss the kobold.
The kobold is severely wounded.
Your bat hits the kobold but does no damage.
Your bat closely misses the kobold.
The tentacle slaps the draconian!
Your bat closely misses the kobold.
The tentacle slaps the draconian!!
The tentacle barely misses the draconian.
The draconian hits the tentacle.
Your bat hits the kobold.
The kobold dies!
The endoplasm freezes you.
You are frozen.
You die...

## ..#####
#.....J##
.?...b)@#
#######b#
#..††.#.#####
#.≈≈††#.#...#
#.≈≈Xw#'#...#
#.≈≈wd#'.(<.#
#.≈≈w.#'#...#
#.≈≈≈.#.#...#
#..V.g#.#####


You could see a draconian (distracted), an endoplasm, a neutral kraken
(distracted), 3 neutral tentacles and 2 friendly bats.

Vanquished Creatures (collateral kills)
  A kobold (D:1)
1 creature vanquished.

Vanquished Creatures (others)
  A minotaur (D:1)
  A demonspawn (D:1)
  A vine stalker (D:1)
  A troll (D:1)
  A merfolk (D:1)
  A formicid (D:1)
  A spriggan (D:1)
  A vampire (D:1)
  A human (D:1)
  A felid (D:1)
  A mummy (D:1)
  A gnoll (D:1)
  An orc (D:1)
  A kobold (D:1)
  3 tentacles (D:1)
17 creatures vanquished.

Grand Total: 18 creatures vanquished

Notes
Turn   | Place    | Note
-------+----------+-------------------------------------------
     0 | D:1      | Icepheonix32 the Merfolk Summoner began the quest for the
                  | Orb.
     0 | D:1      | Reached XP level 1. HP: 13/13 MP: 3/3
     2 | D:1      | Noticed a vine stalker
     2 | D:1      | Noticed a demonspawn
     2 | D:1      | Noticed a minotaur
     2 | D:1      | Noticed a human
     2 | D:1      | Noticed a felid
     2 | D:1      | Noticed a kraken
     2 | D:1      | Noticed a spriggan
     2 | D:1      | Noticed a formicid
     2 | D:1      | Noticed a troll
     2 | D:1      | Noticed a merfolk
     2 | D:1      | Noticed a vampire
     2 | D:1      | Noticed a draconian
     4 | D:1      | Killed a human
     4 | D:1      | Killed a felid
     6 | D:1      | Killed a vine stalker
     7 | D:1      | Killed a troll
     8 | D:1      | Killed a merfolk
     9 | D:1      | Killed a vampire
    13 | D:1      | Killed a demonspawn
    13 | D:1      | Killed a minotaur
    14 | D:1      | Killed a spriggan
    14 | D:1      | Killed a formicid
    15 | D:1      | Frozen to death by an endoplasm

Illustrated notes

Levels and vault maps discovered:
D:1:      nicolae_arrival_kraken_aquarium_b, layout_basic, serial_shops,
          nicolae_shop_behind_doors

Action                   || total
-------------------------++-------
Melee: Unarmed           ||     4
 Cast: Summon Small Mamm ||     3
Armor: Robe              ||     2
Dodge: Dodged            ||     3
